 Dungeon Crawl Stone Soup version 0.30-a0-118-ga018f8e90f (webtiles) character file.

Game seed: 5326454665510106239

163 MisterAzrael the Magician (level 5, 0/38 HPs)
             Began as a Djinni Earth Elementalist on Sept 14, 2022.
             Slain by a jackal (1 damage)
             ... on level 3 of the Dungeon.
             The game lasted 00:04:12 (2880 turns).

MisterAzrael the Magician (DjEE)                    Turns: 2880, Time: 00:04:12

Health: 0/38       AC:  3    Str:  7    XL:     5   Next: 72%
Gold:   119        EV: 12    Int: 18    God:
                   SH:  0    Dex: 14

rFire   + + +      SeeInvis .    n - staff of conjuration
rCold   . . .      Faith    .    (no shield)
rNeg    . . .      Spirit   .    a - +0 robe
rPois   ∞          Reflect  .    k - +0 helmet
rElec   +          Harm     .    (no cloak)
rCorr   +          Rampage  .    (no gloves)
Will    .....      Rage     3%   (boots unavailable)
Stlth   ++........               (no amulet)
HPRegen 0.12/turn                (no ring)
MPRegen 0.00/turn                (no ring)

@: resistant, flying, very slightly contaminated, hasted, very quick
A: sickness immunity, fire resistance 2, cold vulnerability 1, float, innate
caster, HP casting, extra vitality 1, berserk 1, evolution 1
a: no special abilities


You were on level 3 of the Dungeon.
You visited 1 branch of the dungeon, and saw 3 of its levels.

You collected 119 gold pieces.

Inventory:

Armour
 a - a +0 robe (worn)
 k - a +0 helmet (worn)
Magical Staves
 n - a staff of conjuration (weapon)
Scrolls
 c - a scroll of noise {unknown}
 d - 2 scrolls of teleportation {unknown}
 f - a scroll of brand weapon {unknown}
 g - a scroll of butterflies {unknown}
 j - a scroll of enchant weapon {unknown}
 l - 3 scrolls of vulnerability {unknown}
 m - a scroll of magic mapping {unknown}
 o - a scroll of immolation {unknown}
Potions
 b - a potion of resistance
 e - 2 potions of might


   Skills:
 + Level 2.1 Fighting
 - Level 2.7 Dodging
 - Level 2.1 Stealth
 * Level 3.8 Spellcasting


You couldn't memorise any spells.
You knew the following spells:

 Your Spells              Type           Power      Damage    Failure   Level
a - Sandblast             Erth           34%        2d9       3%          1
b - Passwall              Tmut/Erth      14%        N/A       4%          2
c - Stone Arrow           Conj/Erth      50%        3d10      10%         3
d - Petrify               Tmut/Erth      17%        N/A       30%         4
e - Slow                  Hex            68%        N/A       3%          1
f - Ensorcelled Hibernat  Hex/Ice        34%        N/A       4%          2
Your spell library was empty.

Dungeon Overview and Level Annotations

Branches:
Dungeon (3/15)

Altars:

Shops:
D:1 *


Innate Abilities, Weirdness & Mutations

You are immune to sickness and miasma.
You are immune to poison.
Your flesh is very heat resistant. (rF++)
You are vulnerable to cold. (rC-)
You float through the air rather than walking.
You learn spells naturally, not from books.
Your magical power is your life essence.
You have superior vitality. (+4 MHP)
You sometimes lose your temper in combat.
You have hidden genetic potential.


Message History

Aiming: Stone Arrow (dangerous; 10% risk of failure)
Press: ? - help, Q - select action, (/) - cycle Shift-Dir - straight line, f - you
Okay, then.
Aiming: Stone Arrow (dangerous; 10% risk of failure)
Press: ? - help, Q - select action, (/) - cycle Shift-Dir - straight line, f - jackal
Aim: a jackal (wandering, hasn't noticed you, 64% to hit)
You feel a surge of power!
The stone arrow hits the jackal!
You kill the jackal!
* * * LOW HITPOINT WARNING * * *
You start resting.
A jackal comes into view.
A jackal is nearby!
A jackal comes into view.
It was a potion of resistance.
You feel protected.
It was a potion of haste.
You feel yourself speed up. The jackal misses you.
It was a potion of mutation.
You feel extremely strange.
You feel a little pissed off.
You feel a hidden potential growing inside you.
The jackal misses you. The jackal closely misses you.
You see here a frilled lizard skeleton.
Aiming: Stone Arrow (dangerous; 10% risk of failure)
Press: ? - help, Q - select action, (/) - cycle Shift-Dir - straight line, f - jackal
Aim: a jackal (64% to hit)
You feel a surge of power!
The stone arrow hits the jackal!!
You kill the jackal!
* * * LOW HITPOINT WARNING * * *
Casting: Stone Arrow (dangerous; 10% risk of failure)
Confirm with . or Enter, or press ? or * to list all spells.
Aiming: Sandblast (safe; 3% risk of failure)
Press: ? - help, Shift-Dir - straight line, f - jackal
Aim: a jackal (77% to hit)
You miscast Sandblast.
You are very lightly contaminated with residual magic.
Nothing appears to happen.
* * * LOW HITPOINT WARNING * * *
You feel a little less mighty now. The jackal bites you.
You die...

###### ####....##
##....h...#
#..####...# #.##
##..##### ######.#
#.(....### #......#
#......... #.##.#h##
####.....# #.#.#@..#
+###.##....# #..##.###
#†'...#.....
#.#..##.).†###.##.....
#.##.#../..#.#'#......
#....#...(.#.....#....
###..#..[..#..........
#..##$[$##..####....
#.#.#####...####..#.
#.#.÷..........#.###


You could see a jackal.

Vanquished Creatures
  8 adders
  2 worms (D:2)
  2 dart slugs (D:3)
  7 ball pythons
  5 bats
  7 endoplasms
  2 giant cockroaches
  8 goblins
  9 hobgoblins
  10 jackals
  A kobold (D:1)
  3 quokkas
  2 frilled lizards
  9 rats
75 creatures vanquished.

Vanquished Creatures (others)
  5 toadstools (D:1)
5 creatures vanquished.

Grand Total: 80 creatures vanquished

Notes
Turn   | Place    | Note
-------+----------+-------------------------------------------
     0 | D:1      | MisterAzrael the Djinni Earth Elementalist began the quest
                  | for the Orb.
     0 | D:1      | MisterAzrael set off with the following spells memorised:
                  | Sandblast, Passwall, Stone Arrow, Petrify.
     0 | D:1      | Reached XP level 1. HP: 15/15 MP: 0/0
   114 | D:1      | Reached XP level 2. HP: 18/21 MP: 0/0
   165 | D:1      | Found Galiblar's General Store.
   565 | D:1      | Found a faded altar of an unknown god.
   574 | D:1      | Reached XP level 3. HP: 23/25 MP: 0/0
   574 | D:1      | Learned a level 1 spell: Slow
  1130 | D:2      | Reached skill level 3 in Spellcasting
  1289 | D:2      | Reached XP level 4. HP: 30/31 MP: 0/0
  1315 | D:2      | Reached skill level 1 in Fighting
  2213 | D:3      | Reached XP level 5. HP: 24/37 MP: 0/0
  2213 | D:3      | Learned a level 2 spell: Ensorcelled Hibernation
  2838 | D:3      | Gained mutation: You sometimes lose your temper in combat.
                  | [potion of mutation]
  2838 | D:3      | Gained mutation: You have hidden genetic potential. [potion
                  | of mutation]
  2880 | D:3      | Slain by a jackal

Illustrated notes

Levels and vault maps discovered:
D:1:      ldierk_walled_garden, layout_rooms,
          chequers_ecumenical_altar_simple_redux, serial_shops,
          nicolae_shop_stone, minmay_misc_feat_cross,
          chequers_serial_rivers_micro_a, kennysheep_decorative_pillar,
          nicolae_figureground_sparkle
D:2:      layout_basic, serial_glass, glass_columns_a, glass_columns_a,
          kennysheep_generic_room_8
D:3:      layout_loops_cross, minmay_joined_circles

Skill      XL: |  1  2  3  4  5 |
---------------+----------------+-----
Stealth        | 2 |  2.1
Spellcasting   | 3 |  3.8
Fighting       | 1 2 |  2.1
Dodging        | |  2.7

Action                   |  1- 3 |  4- 6 || total
-------------------------+-------+-------++-------
 Cast: Sandblast         |    51 |    28 ||    79
       Stone Arrow       |       |    31 ||    31
  Use: Potion            |       |     6 ||     6
Armor: Robe              |     6 |     8 ||    14
Dodge: Dodged            |    17 |    24 ||    41

Table legend: (Time is in decaauts)
 A = Elapsed time spent in this place.
 B = Non-inter-level travel time spent in this place.
 C = Inter-level travel time spent in this place.
 D = Time resting spent in this place.
 E = Time spent auto-exploring this place.
 F = Levels seen in this place.
 G = Mean time per level.
                   A        B        C        D        E       F      G
               +--------+--------+--------+--------+--------+-----+--------+
         Total |   2904 |   2884 |     20 |    618 |   1882 |   3 |  968.0 |
       Dungeon |   2904 |   2884 |     20 |    618 |   1882 |   3 |  968.0 |
               +--------+--------+--------+--------+--------+-----+--------+

Top non-repeatable levels by time:
     D:1: 1144 daAuts
     D:2: 1065 daAuts
     D:3: 694 daAuts
